Oilers vs Hurricanes

Created - March 12, 2016 at 10:46

Goals
1 2 3 T
Oilers 2 2 0 4
Hurricanes 1 0 1 2
Shots
1 2 3 T
Oilers 12 9 5 26
Hurricanes 6 9 11 26

1st period

1. Oilers , Dominic Moore 7 (Brian Campbell, Bo Horvat) at 6:52
2. Oilers , Aleksander Barkov 17 (Jay Beagle, Brian Campbell) at 11:17 (SH)
3. Hurricanes , Brooks Orpik 4 (Scott Gomez, Nick Foligno) at 19:41

Penalties :
Jamie McGinn (CAR) for Goalie Interference (Minor) at 0:16, Tyler Bozak (EDM) for High sticking (Minor) at 10:49, Brian Strait (CAR) for Interference (Minor) at 13:56

2nd period

4. Oilers , Matthew Nieto 5 (Tyler Bozak, Thomas Hickey) at 10:31
5. Oilers , Michael Grabner 15 (Jeff Schultz, Scottie Upshall) at 13:56

Penalties :
Patrick Maroon (CAR) for Roughing (Minor) at 1:41, Patrick Maroon (CAR) for Roughing (Double Minor) at 6:13

3rd period

6. Hurricanes , Dustin Byfuglien 13 (Leo Komarov, Michael Frolik) at 2:47

Penalties :
Jeff Schultz (EDM) for Roughing (Double Minor) at 3:15, Bo Horvat (EDM) for Goalie Interference (Minor) at 9:16, Dustin Byfuglien (CAR) for Hooking (Minor) at 18:52

Goalie Stats

Anton Forsberg (EDM), 24 saves from 26 shots - (0.923), W, 1-0-0, 60:00 minutes
Curtis McElhinney (CAR), 7 saves from 7 shots - (1.000), 26:04 minutes
Frederik Andersen (CAR), 15 saves from 19 shots - (0.789), L, 16-11-4, 33:56 minutes

Players Stats for Oilers

Player Name              G  A  P  +/- PIM S  H  SB GA TA FO     MP     PP MP  PK MP  
------------------------------------------------------------------------------------
Aleksander Barkov        1  0  1  -1  0   3  0  0  0  0  15/24  20:45   4:52   4:02 
Bo Horvat                0  1  1   1  2   1  1  0  0  0  14/28  19:30   5:30   0:00 
Brian Campbell           0  2  2   0  0   1  0  0  0  0  0/0    21:53   5:00   3:50 
Brian Flynn              0  0  0   1  0   0  1  0  0  0  0/0     5:49   0:00   0:00 
Dominic Moore            1  0  1   1  0   2  1  0  0  0  5/8    24:07   6:11   3:55 
Jay Beagle               0  1  1   2  0   2  0  0  0  0  5/8    10:20   0:00   1:01 
Jeff Schultz             0  1  1   2  4   0  3  3  0  0  0/0    18:15   0:00   0:00 
Justin Williams          0  0  0  -2  0   0  0  2  0  0  0/0    11:51   0:00   0:00 
Marc-Edouard Vlasic      0  0  0   0  0   1  0  0  0  0  0/0    19:51   6:03   4:07 
Marco Scandella          0  0  0   0  0   2  1  0  0  0  0/0    19:51   6:03   4:07 
Mathew Dumba             0  0  0   1  0   0  2  0  0  0  0/0    18:38   0:41   0:00 
Matt Read                0  0  0   1  0   4  0  0  0  0  0/1    24:07   6:11   3:55 
Matthew Nieto            1  0  1   1  0   1  0  0  0  0  0/0     5:49   0:00   0:00 
Michael Grabner          1  0  1   1  0   4  0  0  0  0  0/0    10:00   0:41   0:00 
Scottie Upshall          0  1  1   1  0   1  0  0  0  0  1/1    14:11   4:52   0:00 
Thomas Hickey            0  1  1   1  0   2  2  2  0  0  0/0    21:31   4:19   3:50 
Tomas Fleischmann        0  0  0  -2  0   1  3  0  0  0  0/1    16:43   4:52   0:00 
Tyler Bozak              0  1  1   1  2   1  0  0  0  0  10/14   8:49   0:00   3:01 

Players Stats for Hurricanes

Player Name              G  A  P  +/- PIM S  H  SB GA TA FO     MP     PP MP  PK MP  
------------------------------------------------------------------------------------
Brad Richardson          0  0  0  -1  0   1  0  0  0  0  3/10   12:22   0:00   4:17 
Brian Boyle              0  0  0  -1  0   2  1  0  0  0  3/9     8:10   0:00   4:17 
Brian Strait             0  0  0   0  2   0  3  0  0  0  0/0    13:53   0:00   4:46 
Brooks Orpik             1  0  1   1  0   1  0  3  0  0  0/0    17:15   0:00   4:14 
Bryan Little             0  0  0  -1  0   2  0  0  0  0  11/23  18:34   3:42   0:00 
Carl Hagelin             0  0  0  -2  0   1  4  0  0  0  1/2    16:22   4:15   0:09 
Dustin Byfuglien         1  0  1  -3  2   2  2  4  0  0  0/0    18:23   4:02   0:16 
James Wisniewski         0  0  0  -2  0   2  0  0  0  0  0/0    23:40   4:02   5:51 
Jamie McGinn             0  0  0  -2  2   1  0  0  0  0  0/0    11:46   3:42   0:00 
Keith Yandle             0  0  0   0  0   1  0  0  0  0  0/0    20:00   3:55   2:12 
Leo Komarov              0  1  1   1  0   2  2  0  0  0  9/26   20:29   0:00   6:19 
Michael Frolik           0  1  1   1  0   4  0  0  0  0  0/1    20:32   0:00   6:22 
Nick Foligno             0  1  1  -1  0   1  4  1  0  0  2/3    19:07   3:42   0:33 
Patrick Maroon           0  0  0   1  6   1  4  0  0  0  2/2    14:08   0:00   0:00 
Raphael Diaz             0  0  0   0  0   1  0  0  0  0  0/0     8:07   3:55   0:00 
Ron Hainsey              0  0  0   0  0   0  0  0  0  0  0/0    18:40   0:00   4:47 
Scott Gomez              0  1  1   0  0   4  0  0  0  0  3/8    19:16   4:15   0:09 
Shawn Matthias           0  0  0  -1  0   0  0  0  0  0  1/1     8:08   4:15   0:00 

3 Stars

1 - Brooks Orpik (CAR)
2 - Dominic Moore (EDM)
3 - Michael Grabner (EDM)

Power Play

Oilers - 0 on 6 Attempt(s) - 0.00%
Hurricanes - 0 on 4 Attempt(s) - 0.00%

Penalty Kill

Oilers - 4 on 4 Attempt(s) - 100.00% - Score 1 goal in Penalty Kill
Hurricanes - 6 on 6 Attempt(s) - 100.00% - Score 0 goal in Penalty Kill

Team Stat

Oilers - Hits : 14 - Faceoff Wins : 50 - Blocked Shots : 7 - Penalty Minutes : 8
Hurricanes - Hits : 20 - Faceoff Wins : 35 - Blocked Shots : 8 - Penalty Minutes : 12

Official

Referees : Eric Furlatt and Wes McCauley
Linesman : Ryan Galloway and Vaughan Rody

Game Notes

Curtis McElhinney enters game at 13:56 of 2nd period

Finance

Level 1 -- Attendance: 6000 (100.00%) -- Ticket Income $642,000
Level 2 -- Attendance: 4698 (93.96%) -- Ticket Income $305,370
Level 3 -- Attendance: 3197 (91.34%) -- Ticket Income $134,274
Level 4 -- Attendance: 3055 (96.07%) -- Ticket Income $73,320
Luxury Box -- Attendance: 955 (95.50%) -- Ticket Income $191,000
Game was played at the PNC Arena.
Total Attendance: 17905 (95.85%)
Total Ticket Income: $1,345,964
Other Income: $201,895
Total Income: $1,547,859

% Time on Ice - Oilers

Lines # - Real PCT - Wanted PCT - Time Play
Normal Forward
1 - 34% - 40% - 14:01
2 - 29% - 30% - 11:51
3 - 23% - 20% - 9:19
4 - 14% - 10% - 5:49
Normal Defense
1 - 43% - 40% - 17:40
2 - 32% - 30% - 13:03
3 - 24% - 20% - 9:41
4 - 1% - 10% - 0:36
PP Forward
1 - 56% - 50% - 6:11
2 - 44% - 50% - 4:52
PP Defense
1 - 55% - 50% - 6:03
2 - 45% - 50% - 5:00
PK Forward
1 - 51% - 50% - 4:02
2 - 49% - 50% - 3:55
PK Defense
1 - 52% - 50% - 4:07
2 - 48% - 50% - 3:50
PK3 Forward
1 - 0% - 60%
2 - 0% - 40%
PK3 Defense
1 - 0% - 60%
2 - 0% - 40%
44 Forward
1 - 0% - 50%
2 - 0% - 50%
44 Defense
1 - 0% - 50%
2 - 0% - 50%
Last Minute Offensive  - 0:00
Last Minute Defensive  - 0:00
Total
Forward - 60:00
Defense - 60:00

% Time on Ice - Hurricanes

Lines # - Real PCT - Wanted PCT - Time Play
Normal Forward
1 - 36% - 33% - 14:52
2 - 35% - 32% - 14:10
3 - 20% - 22% - 8:05
4 - 9% - 13% - 3:53
Normal Defense
1 - 34% - 37% - 13:47
2 - 34% - 32% - 13:53
3 - 22% - 21% - 9:08
4 - 10% - 10% - 4:12
PP Forward
1 - 47% - 58% - 3:42
2 - 53% - 42% - 4:15
PP Defense
1 - 51% - 58% - 4:02
2 - 49% - 42% - 3:55
PK Forward
1 - 61% - 57% - 6:46
2 - 39% - 43% - 4:17
PK Defense
1 - 47% - 58% - 5:12
2 - 53% - 42% - 5:51
PK3 Forward
1 - 0% - 55%
2 - 0% - 45%
PK3 Defense
1 - 0% - 55%
2 - 0% - 45%
44 Forward
1 - 0% - 50%
2 - 0% - 50%
44 Defense
1 - 0% - 50%
2 - 0% - 50%
Last Minute Offensive  - 0:00
Last Minute Defensive  - 0:00
Total
Forward - 60:00
Defense - 60:00

Play by Play

1st period


0:01 of 1st period - Bryan Little wins face-off versus Bo Horvat in neutral zone.
0:03 of 1st period - Dustin Byfuglien is hit by Jeff Schultz and loses puck.
0:06 of 1st period - Shot by Nick Foligno.
0:06 of 1st period - Shot Misses the Net.
0:08 of 1st period - Shot by Nick Foligno.
0:08 of 1st period - Deflect By Bryan Little.
0:08 of 1st period - Stopped by Anton Forsberg without a rebound.
0:09 of 1st period - Aleksander Barkov wins face-off versus Leo Komarov in Oilers zone.
0:09 of 1st period - Aleksander Barkov is hit by Patrick Maroon.
0:15 of 1st period - Shot by Michael Frolik.
0:15 of 1st period - Stopped by Anton Forsberg without a rebound.
0:16 of 1st period - Jay Beagle wins face-off versus Brad Richardson in Oilers zone.
0:16 of 1st period - Minor Penalty to Jamie McGinn for Goalie Interference.
0:17 of 1st period - Bo Horvat wins face-off versus Leo Komarov in Hurricanes zone.
1:18 of 1st period - Icing by Scottie Upshall.
1:19 of 1st period - Aleksander Barkov wins face-off versus Leo Komarov in Oilers zone.
1:32 of 1st period - Shot by Brian Campbell.
1:32 of 1st period - Shot Misses the Net.
1:34 of 1st period - Shot by Brian Campbell.
1:34 of 1st period - Stopped by Frederik Andersen without a rebound.
1:35 of 1st period - Aleksander Barkov wins face-off versus Brian Boyle in Hurricanes zone.
1:38 of 1st period - Shot by Aleksander Barkov.
1:38 of 1st period - Stopped by Frederik Andersen without a rebound.
1:39 of 1st period - Aleksander Barkov wins face-off versus Brian Boyle in Hurricanes zone.
2:13 of 1st period - Off-side.
2:14 of 1st period - Bo Horvat wins face-off versus Brian Boyle in neutral zone.
2:25 of 1st period - Shot by Matt Read.
2:25 of 1st period - Stopped by Frederik Andersen without a rebound.
2:26 of 1st period - Tyler Bozak wins face-off versus Leo Komarov in Hurricanes zone.
2:32 of 1st period - Icing by Dustin Byfuglien.
2:33 of 1st period - Bo Horvat wins face-off versus Leo Komarov in Hurricanes zone.
2:33 of 1st period - Brian Campbell is hit by Dustin Byfuglien.
2:41 of 1st period - Shot by Matt Read.
2:41 of 1st period - Stopped by Frederik Andersen with a rebound.
3:41 of 1st period - Shot by Aleksander Barkov.
3:41 of 1st period - Shot Misses the Net.
4:39 of 1st period - Shot by Marc-Edouard Vlasic.
4:39 of 1st period - Shot Blocked by Brooks Orpik.
5:19 of 1st period - Off-side.
5:20 of 1st period - Bo Horvat wins face-off versus Leo Komarov in neutral zone.
5:41 of 1st period - Shot by Thomas Hickey.
5:41 of 1st period - Stopped by Frederik Andersen without a rebound.
5:42 of 1st period - Bryan Little wins face-off versus Tyler Bozak in Hurricanes zone.
6:19 of 1st period - Shot by Scott Gomez.
6:19 of 1st period - Stopped by Anton Forsberg without a rebound.
6:20 of 1st period - Bo Horvat wins face-off versus Brian Boyle in Oilers zone.
6:46 of 1st period - Shot by Matt Read.
6:46 of 1st period - Shot Misses the Net.
6:48 of 1st period - Shot by Matt Read.
6:48 of 1st period - Deflect By Bo Horvat.
6:48 of 1st period - Shot Blocked by Dustin Byfuglien.
6:52 of 1st period - Shot by Dominic Moore.
6:52 of 1st period - Goal by Dominic Moore - Oilers : 1 - Hurricanes : 0.
6:53 of 1st period - Leo Komarov wins face-off versus Tomas Fleischmann in neutral zone.
7:37 of 1st period - Icing by Brooks Orpik.
7:38 of 1st period - Leo Komarov wins face-off versus Bo Horvat in Hurricanes zone.
7:59 of 1st period - Bo Horvat is hit by Carl Hagelin and loses puck.
8:22 of 1st period - Shot by Jamie McGinn.
8:22 of 1st period - Stopped by Anton Forsberg without a rebound.
8:23 of 1st period - Bryan Little wins face-off versus Jay Beagle in Oilers zone.
9:32 of 1st period - Shot by Tomas Fleischmann.
9:32 of 1st period - Shot Misses the Net.
9:35 of 1st period - Icing by Ron Hainsey.
9:36 of 1st period - Bryan Little wins face-off versus Bo Horvat in Hurricanes zone.
9:52 of 1st period - Bo Horvat is hit by Carl Hagelin and loses puck.
10:11 of 1st period - Dominic Moore is hit by Carl Hagelin and loses puck.
10:43 of 1st period - Off-side.
10:44 of 1st period - Tyler Bozak wins face-off versus Leo Komarov in neutral zone.
10:49 of 1st period - Minor Penalty to Tyler Bozak for High sticking.
10:50 of 1st period - Aleksander Barkov wins face-off versus Bryan Little in Oilers zone.
11:11 of 1st period - Shot by Aleksander Barkov.
11:11 of 1st period - Shot Blocked by Dustin Byfuglien.
11:17 of 1st period - Shot by Aleksander Barkov.
11:17 of 1st period - Goal by Aleksander Barkov - Oilers : 2 - Hurricanes : 0.
11:18 of 1st period - Scott Gomez wins face-off versus Dominic Moore in neutral zone.
11:35 of 1st period - Shot by Scott Gomez.
11:35 of 1st period - Shot Misses the Net.
12:18 of 1st period - Icing by Keith Yandle.
12:19 of 1st period - Dominic Moore wins face-off versus Scott Gomez in Hurricanes zone.
12:22 of 1st period - Shot by Marco Scandella.
12:22 of 1st period - Shot Misses the Net.
12:41 of 1st period - Shot by Marco Scandella.
12:41 of 1st period - Stopped by Frederik Andersen without a rebound.
12:42 of 1st period - Jay Beagle wins face-off versus Bryan Little in Hurricanes zone.
12:58 of 1st period - Mathew Dumba is hit by Leo Komarov and loses puck.
13:04 of 1st period - Shot by Tyler Bozak.
13:04 of 1st period - Stopped by Frederik Andersen without a rebound.
13:05 of 1st period - Aleksander Barkov wins face-off versus Leo Komarov in Hurricanes zone.
13:35 of 1st period - Shot by Aleksander Barkov.
13:35 of 1st period - Stopped by Frederik Andersen without a rebound.
13:36 of 1st period - Bo Horvat wins face-off versus Brad Richardson in Hurricanes zone.
13:36 of 1st period - Mathew Dumba is hit by Brian Strait and loses puck.
13:47 of 1st period - Shot by Matt Read.
13:47 of 1st period - Shot Misses the Net.
13:49 of 1st period - Shot by Dominic Moore.
13:49 of 1st period - Shot Blocked by Brooks Orpik.
13:56 of 1st period - Minor Penalty to Brian Strait for Interference.
13:57 of 1st period - Aleksander Barkov wins face-off versus Michael Frolik in Hurricanes zone.
15:05 of 1st period - Shot by Thomas Hickey.
15:05 of 1st period - Stopped by Frederik Andersen without a rebound.
15:06 of 1st period - Brian Boyle wins face-off versus Matt Read in Hurricanes zone.
15:35 of 1st period - Shot by Thomas Hickey.
15:35 of 1st period - Shot Misses the Net.
15:37 of 1st period - Shot by Bo Horvat.
15:37 of 1st period - Shot Misses the Net.
17:12 of 1st period - Icing by Keith Yandle.
17:13 of 1st period - Aleksander Barkov wins face-off versus Brad Richardson in Hurricanes zone.
18:11 of 1st period - Off-side.
18:12 of 1st period - Bo Horvat wins face-off versus Leo Komarov in neutral zone.
18:47 of 1st period - Shot by Matt Read.
18:47 of 1st period - Stopped by Frederik Andersen without a rebound.
18:48 of 1st period - Jay Beagle wins face-off versus Bryan Little in Hurricanes zone.
19:14 of 1st period - Shot by Michael Grabner.
19:14 of 1st period - Shot Misses the Net.
19:17 of 1st period - Icing by Scott Gomez.
19:18 of 1st period - Aleksander Barkov wins face-off versus Bryan Little in Hurricanes zone.
19:23 of 1st period - Shot by Tomas Fleischmann.
19:23 of 1st period - Shot Misses the Net.
19:29 of 1st period - Shot by Scott Gomez.
19:29 of 1st period - Deflect By Nick Foligno.
19:29 of 1st period - Shot Blocked by Thomas Hickey.
19:37 of 1st period - Shot by Nick Foligno.
19:37 of 1st period - Shot Blocked by Justin Williams.
19:39 of 1st period - Shot by Scott Gomez.
19:39 of 1st period - Stopped by Anton Forsberg with a rebound.
19:41 of 1st period - Shot by Brooks Orpik.
19:41 of 1st period - Goal by Brooks Orpik - Oilers : 2 - Hurricanes : 1.
19:42 of 1st period - Leo Komarov wins face-off versus Bo Horvat in neutral zone.
Goals for this period are 2 for Oilers vs 1 for Hurricanes.
Shots for this period are 12 for Oilers vs 6 for Hurricanes.

2nd period


0:01 of 2nd period - Bo Horvat wins face-off versus Leo Komarov in neutral zone.
0:06 of 2nd period - Michael Frolik is hit by Bo Horvat.
0:20 of 2nd period - Shot by Leo Komarov.
0:20 of 2nd period - Stopped by Anton Forsberg without a rebound.
0:21 of 2nd period - Aleksander Barkov wins face-off versus Carl Hagelin in Oilers zone.
1:27 of 2nd period - Shot by Leo Komarov.
1:27 of 2nd period - Stopped by Anton Forsberg with a rebound.
1:35 of 2nd period - Aleksander Barkov is hit by Patrick Maroon and loses puck.
1:41 of 2nd period - Minor Penalty to Patrick Maroon for Roughing.
1:42 of 2nd period - Leo Komarov wins face-off versus Bo Horvat in Hurricanes zone.
1:57 of 2nd period - Shot by Dominic Moore.
1:57 of 2nd period - Deflect By Matt Read.
1:57 of 2nd period - Shot Misses the Net.
1:59 of 2nd period - Shot by Marco Scandella.
1:59 of 2nd period - Shot Misses the Net.
2:01 of 2nd period - Shot by Marc-Edouard Vlasic.
2:01 of 2nd period - Stopped by Frederik Andersen without a rebound.
2:02 of 2nd period - Bo Horvat wins face-off versus Brian Boyle in Hurricanes zone.
2:56 of 2nd period - Leo Komarov is hit by Thomas Hickey and loses puck.
3:44 of 2nd period - Mathew Dumba is hit by Nick Foligno and loses puck.
4:00 of 2nd period - Icing by Mathew Dumba.
4:01 of 2nd period - Brian Boyle wins face-off versus Tyler Bozak in Oilers zone.
4:22 of 2nd period - Shot by Carl Hagelin.
4:22 of 2nd period - Shot Misses the Net.
4:24 of 2nd period - Shot by Keith Yandle.
4:24 of 2nd period - Stopped by Anton Forsberg with a rebound.
4:26 of 2nd period - Shot by Shawn Matthias.
4:26 of 2nd period - Shot Blocked by Jeff Schultz.
4:28 of 2nd period - Shot by Brian Boyle.
4:28 of 2nd period - Stopped by Anton Forsberg without a rebound.
4:29 of 2nd period - Jay Beagle wins face-off versus Bryan Little in Oilers zone.
4:36 of 2nd period - Shot by Michael Grabner.
4:36 of 2nd period - Shot Blocked by Brooks Orpik.
5:02 of 2nd period - Shot by Michael Grabner.
5:02 of 2nd period - Shot Misses the Net.
5:08 of 2nd period - Shot by Scottie Upshall.
5:08 of 2nd period - Deflect By Jay Beagle.
5:08 of 2nd period - Shot Misses the Net.
6:02 of 2nd period - Icing by Brooks Orpik.
6:03 of 2nd period - Bryan Little wins face-off versus Aleksander Barkov in Hurricanes zone.
6:13 of 2nd period - Double Minor Penalty to Patrick Maroon for Roughing.
6:14 of 2nd period - Aleksander Barkov wins face-off versus Leo Komarov in Hurricanes zone.
6:28 of 2nd period - Off-side.
6:29 of 2nd period - Leo Komarov wins face-off versus Bo Horvat in neutral zone.
7:19 of 2nd period - Icing by Marc-Edouard Vlasic.
7:20 of 2nd period - Brian Boyle wins face-off versus Aleksander Barkov in Oilers zone.
7:23 of 2nd period - Shot by Brad Richardson.
7:23 of 2nd period - Stopped by Anton Forsberg with a rebound.
7:29 of 2nd period - Shot by Tomas Fleischmann.
7:29 of 2nd period - Stopped by Frederik Andersen with a rebound.
7:31 of 2nd period - Shot by Marco Scandella.
7:31 of 2nd period - Stopped by Frederik Andersen with a rebound.
8:33 of 2nd period - Shot by Brian Campbell.
8:33 of 2nd period - Shot Misses the Net.
9:52 of 2nd period - Shot by Mathew Dumba.
9:52 of 2nd period - Shot Misses the Net.
10:31 of 2nd period - Shot by Matthew Nieto.
10:31 of 2nd period - Goal by Matthew Nieto - Oilers : 3 - Hurricanes : 1.
10:32 of 2nd period - Tyler Bozak wins face-off versus Brad Richardson in neutral zone.
11:33 of 2nd period - Shot by Michael Grabner.
11:33 of 2nd period - Deflect By Scottie Upshall.
11:33 of 2nd period - Stopped by Frederik Andersen without a rebound.
11:34 of 2nd period - Leo Komarov wins face-off versus Aleksander Barkov in Hurricanes zone.
11:34 of 2nd period - Leo Komarov is hit by Tomas Fleischmann.
11:42 of 2nd period - Shot by Michael Frolik.
11:42 of 2nd period - Stopped by Anton Forsberg without a rebound.
11:43 of 2nd period - Aleksander Barkov wins face-off versus Leo Komarov in Oilers zone.
11:43 of 2nd period - Aleksander Barkov is hit by Patrick Maroon.
13:23 of 2nd period - Icing by Dustin Byfuglien.
13:24 of 2nd period - Carl Hagelin wins face-off versus Jay Beagle in Hurricanes zone.
13:52 of 2nd period - Shot by Michael Grabner.
13:52 of 2nd period - Stopped by Frederik Andersen with a rebound.
13:54 of 2nd period - Shot by Jeff Schultz.
13:54 of 2nd period - Shot Misses the Net.
13:56 of 2nd period - Shot by Michael Grabner.
13:56 of 2nd period - Goal by Michael Grabner - Oilers : 4 - Hurricanes : 1.
13:56 of 2nd period - Curtis McElhinney enters game.
13:57 of 2nd period - Nick Foligno wins face-off versus Aleksander Barkov in neutral zone.
14:06 of 2nd period - Shot by Nick Foligno.
14:06 of 2nd period - Shot Misses the Net.
14:09 of 2nd period - Icing by Thomas Hickey.
14:10 of 2nd period - Bryan Little wins face-off versus Aleksander Barkov in Oilers zone.
14:24 of 2nd period - Shot by Nick Foligno.
14:24 of 2nd period - Shot Blocked by Justin Williams.
14:28 of 2nd period - Shot by Scott Gomez.
14:28 of 2nd period - Stopped by Anton Forsberg without a rebound.
14:29 of 2nd period - Shawn Matthias wins face-off versus Bo Horvat in Oilers zone.
14:29 of 2nd period - Shawn Matthias is hit by Jeff Schultz.
14:39 of 2nd period - Shot by Brian Boyle.
14:39 of 2nd period - Shot Blocked by Jeff Schultz.
15:07 of 2nd period - Shot by Brian Boyle.
15:07 of 2nd period - Shot Misses the Net.
15:18 of 2nd period - Icing by Jeff Schultz.
15:19 of 2nd period - Bo Horvat wins face-off versus Leo Komarov in Oilers zone.
15:40 of 2nd period - Brian Campbell is hit by Leo Komarov and loses puck.
15:55 of 2nd period - Shot by Patrick Maroon.
15:55 of 2nd period - Stopped by Anton Forsberg without a rebound.
15:56 of 2nd period - Scottie Upshall wins face-off versus Bryan Little in Oilers zone.
15:56 of 2nd period - Scottie Upshall is hit by Nick Foligno.
16:19 of 2nd period - Shot by Jay Beagle.
16:19 of 2nd period - Shot Misses the Net.
16:24 of 2nd period - Michael Grabner is hit by Brian Strait and loses puck.
16:37 of 2nd period - Shot by Michael Grabner.
16:37 of 2nd period - Shot Misses the Net.
16:39 of 2nd period - Shot by Michael Grabner.
16:39 of 2nd period - Stopped by Curtis McElhinney without a rebound.
16:40 of 2nd period - Patrick Maroon wins face-off versus Aleksander Barkov in Hurricanes zone.
16:42 of 2nd period - Leo Komarov is hit by Tomas Fleischmann and loses puck.
16:51 of 2nd period - Shot by Tomas Fleischmann.
16:51 of 2nd period - Shot Misses the Net.
17:12 of 2nd period - Dustin Byfuglien is hit by Tomas Fleischmann and loses puck.
17:34 of 2nd period - Bo Horvat is hit by Patrick Maroon and loses puck.
17:56 of 2nd period - Icing by Mathew Dumba.
17:57 of 2nd period - Brad Richardson wins face-off versus Bo Horvat in Oilers zone.
18:00 of 2nd period - Shot by Carl Hagelin.
18:00 of 2nd period - Stopped by Anton Forsberg without a rebound.
18:01 of 2nd period - Jay Beagle wins face-off versus Brad Richardson in Oilers zone.
18:40 of 2nd period - Shot by Scottie Upshall.
18:40 of 2nd period - Shot Misses the Net.
18:45 of 2nd period - Icing by Carl Hagelin.
18:46 of 2nd period - Bo Horvat wins face-off versus Brad Richardson in Hurricanes zone.
18:47 of 2nd period - Shot by Matt Read.
18:47 of 2nd period - Deflect By Bo Horvat.
18:47 of 2nd period - Stopped by Curtis McElhinney without a rebound.
18:48 of 2nd period - Bryan Little wins face-off versus Bo Horvat in Hurricanes zone.
19:02 of 2nd period - Brooks Orpik is hit by Jeff Schultz and loses puck.
19:28 of 2nd period - Shot by Nick Foligno.
19:28 of 2nd period - Shot Misses the Net.
19:39 of 2nd period - Icing by Mathew Dumba.
19:40 of 2nd period - Patrick Maroon wins face-off versus Bo Horvat in Oilers zone.
19:40 of 2nd period - Dustin Byfuglien is hit by Mathew Dumba and loses puck.
Goals for this period are 2 for Oilers vs 0 for Hurricanes.
Shots for this period are 9 for Oilers vs 9 for Hurricanes.

3rd period


0:01 of 3rd period - Bo Horvat wins face-off versus Leo Komarov in neutral zone.
0:06 of 3rd period - Shot by Bo Horvat.
0:06 of 3rd period - Deflect By Dominic Moore.
0:06 of 3rd period - Shot Blocked by Dustin Byfuglien.
0:08 of 3rd period - Shot by Mathew Dumba.
0:08 of 3rd period - Shot Misses the Net.
0:10 of 3rd period - Shot by Jeff Schultz.
0:10 of 3rd period - Shot Blocked by Dustin Byfuglien.
0:15 of 3rd period - Dominic Moore is hit by Dustin Byfuglien and loses puck.
0:35 of 3rd period - Icing by Michael Frolik.
0:36 of 3rd period - Aleksander Barkov wins face-off versus Leo Komarov in Hurricanes zone.
1:04 of 3rd period - Justin Williams is hit by Nick Foligno and loses puck.
1:10 of 3rd period - Icing by Thomas Hickey.
1:11 of 3rd period - Brad Richardson wins face-off versus Aleksander Barkov in Oilers zone.
1:21 of 3rd period - Off-side.
1:22 of 3rd period - Bo Horvat wins face-off versus Nick Foligno in neutral zone.
1:27 of 3rd period - Shot by Matt Read.
1:27 of 3rd period - Shot Misses the Net.
1:29 of 3rd period - Shot by Dominic Moore.
1:29 of 3rd period - Shot Blocked by Nick Foligno.
1:31 of 3rd period - Shot by Bo Horvat.
1:31 of 3rd period - Shot Misses the Net.
1:53 of 3rd period - Icing by Dominic Moore.
1:54 of 3rd period - Bo Horvat wins face-off versus Brad Richardson in Oilers zone.
2:04 of 3rd period - Shot by Matt Read.
2:04 of 3rd period - Stopped by Curtis McElhinney without a rebound.
2:05 of 3rd period - Aleksander Barkov wins face-off versus Leo Komarov in Hurricanes zone.
2:43 of 3rd period - Shot by Michael Frolik.
2:43 of 3rd period - Stopped by Anton Forsberg with a rebound.
2:45 of 3rd period - Shot by Leo Komarov.
2:45 of 3rd period - Shot Blocked by Thomas Hickey.
2:47 of 3rd period - Shot by Dustin Byfuglien.
2:47 of 3rd period - Goal by Dustin Byfuglien - Oilers : 4 - Hurricanes : 2.
2:48 of 3rd period - Bryan Little wins face-off versus Bo Horvat in neutral zone.
2:52 of 3rd period - Nick Foligno is hit by Mathew Dumba.
3:15 of 3rd period - Double Minor Penalty to Jeff Schultz for Roughing.
3:16 of 3rd period - Tyler Bozak wins face-off versus Scott Gomez in Oilers zone.
4:07 of 3rd period - Icing by Keith Yandle.
4:08 of 3rd period - Dominic Moore wins face-off versus Bryan Little in Hurricanes zone.
4:12 of 3rd period - Shot by Dominic Moore.
4:12 of 3rd period - Shot Misses the Net.
4:48 of 3rd period - Icing by Raphael Diaz.
4:49 of 3rd period - Tyler Bozak wins face-off versus Bryan Little in Hurricanes zone.
4:57 of 3rd period - Icing by Raphael Diaz.
4:58 of 3rd period - Tyler Bozak wins face-off versus Bryan Little in Hurricanes zone.
5:46 of 3rd period - Shot by Dustin Byfuglien.
5:46 of 3rd period - Stopped by Anton Forsberg without a rebound.
5:47 of 3rd period - Tyler Bozak wins face-off versus Scott Gomez in Oilers zone.
5:53 of 3rd period - Icing by James Wisniewski.
5:54 of 3rd period - Scott Gomez wins face-off versus Tyler Bozak in Hurricanes zone.
6:09 of 3rd period - Shot by Scott Gomez.
6:09 of 3rd period - Stopped by Anton Forsberg without a rebound.
6:10 of 3rd period - Tyler Bozak wins face-off versus Bryan Little in Oilers zone.
6:10 of 3rd period - Tyler Bozak is hit by Nick Foligno.
6:34 of 3rd period - Shot by Keith Yandle.
6:34 of 3rd period - Shot Misses the Net.
6:36 of 3rd period - Shot by Raphael Diaz.
6:36 of 3rd period - Stopped by Anton Forsberg without a rebound.
6:37 of 3rd period - Tyler Bozak wins face-off versus Scott Gomez in Oilers zone.
6:37 of 3rd period - Tyler Bozak is hit by Carl Hagelin.
6:57 of 3rd period - Shot by James Wisniewski.
6:57 of 3rd period - Stopped by Anton Forsberg with a rebound.
8:59 of 3rd period - Shot by Carl Hagelin.
8:59 of 3rd period - Shot Misses the Net.
9:16 of 3rd period - Minor Penalty to Bo Horvat for Goalie Interference.
9:17 of 3rd period - Dominic Moore wins face-off versus Bryan Little in Oilers zone.
9:34 of 3rd period - Shot by Nick Foligno.
9:34 of 3rd period - Deflect By Bryan Little.
9:34 of 3rd period - Stopped by Anton Forsberg without a rebound.
9:35 of 3rd period - Scott Gomez wins face-off versus Dominic Moore in Oilers zone.
9:36 of 3rd period - Shot by James Wisniewski.
9:36 of 3rd period - Stopped by Anton Forsberg without a rebound.
9:37 of 3rd period - Dominic Moore wins face-off versus Scott Gomez in Oilers zone.
9:42 of 3rd period - James Wisniewski is hit by Dominic Moore and loses puck.
10:45 of 3rd period - Shot by Jamie McGinn.
10:45 of 3rd period - Shot Misses the Net.
10:47 of 3rd period - Shot by Bryan Little.
10:47 of 3rd period - Shot Misses the Net.
10:57 of 3rd period - Shot by Nick Foligno.
10:57 of 3rd period - Stopped by Anton Forsberg without a rebound.
10:58 of 3rd period - Nick Foligno wins face-off versus Dominic Moore in Oilers zone.
11:09 of 3rd period - Shot by James Wisniewski.
11:09 of 3rd period - Deflect By Bryan Little.
11:09 of 3rd period - Shot Misses the Net.
11:44 of 3rd period - Icing by Marc-Edouard Vlasic.
11:45 of 3rd period - Tyler Bozak wins face-off versus Brian Boyle in Oilers zone.
11:45 of 3rd period - Tyler Bozak is hit by Brian Boyle.
12:39 of 3rd period - Icing by Jeff Schultz.
12:40 of 3rd period - Bryan Little wins face-off versus Bo Horvat in Oilers zone.
12:51 of 3rd period - Shot by Nick Foligno.
12:51 of 3rd period - Shot Blocked by Jeff Schultz.
13:16 of 3rd period - Icing by Matt Read.
13:17 of 3rd period - Leo Komarov wins face-off versus Bo Horvat in Oilers zone.
13:21 of 3rd period - Icing by Matt Read.
13:22 of 3rd period - Leo Komarov wins face-off versus Bo Horvat in Oilers zone.
13:40 of 3rd period - Icing by Ron Hainsey.
13:41 of 3rd period - Leo Komarov wins face-off versus Aleksander Barkov in Hurricanes zone.
13:58 of 3rd period - Shot by Michael Frolik.
13:58 of 3rd period - Stopped by Anton Forsberg without a rebound.
13:59 of 3rd period - Brad Richardson wins face-off versus Jay Beagle in Oilers zone.
14:12 of 3rd period - Shot by Jay Beagle.
14:12 of 3rd period - Stopped by Curtis McElhinney with a rebound.
14:14 of 3rd period - Shot by Michael Grabner.
14:14 of 3rd period - Stopped by Curtis McElhinney with a rebound.
14:33 of 3rd period - Shot by Jay Beagle.
14:33 of 3rd period - Stopped by Curtis McElhinney with a rebound.
15:04 of 3rd period - Shot by Dominic Moore.
15:04 of 3rd period - Stopped by Curtis McElhinney without a rebound.
15:05 of 3rd period - Aleksander Barkov wins face-off versus Bryan Little in Hurricanes zone.
15:51 of 3rd period - Bryan Little is hit by Thomas Hickey and loses puck.
16:33 of 3rd period - Bo Horvat is hit by Brian Strait.
17:26 of 3rd period - Shot by Brian Boyle.
17:26 of 3rd period - Stopped by Anton Forsberg without a rebound.
17:27 of 3rd period - Bryan Little wins face-off versus Tyler Bozak in Oilers zone.
17:27 of 3rd period - Bryan Little is hit by Marco Scandella.
18:07 of 3rd period - Keith Yandle is hit by Brian Flynn and loses puck.
18:27 of 3rd period - Icing by Keith Yandle.
18:28 of 3rd period - Bryan Little wins face-off versus Aleksander Barkov in Hurricanes zone.
18:52 of 3rd period - Minor Penalty to Dustin Byfuglien for Hooking.
18:53 of 3rd period - Dominic Moore wins face-off versus Leo Komarov in Hurricanes zone.
Goals for this period are 0 for Oilers vs 1 for Hurricanes.
Shots for this period are 5 for Oilers vs 11 for Hurricanes.